 Dungeon Crawl Stone Soup version 0.28-a0-1622-gc30f734a66 (webtiles) character file.

Game seed: 12913705931298948294

44 Colgate the Digger (level 3, 0/20 HPs)
             Began as a Gargoyle Wanderer on Jan 23, 2022.
             Was a Plaything of Xom.
             Slain by an iguana (7 damage)
             ... on level 2 of the Dungeon.
             The game lasted 00:14:44 (2077 turns).

Colgate the Digger (Gargoyle Wanderer)              Turns: 2077, Time: 00:14:45

Health: 0/20       AC:  7    Str: 13    XL:     3   Next: 60%
Magic:  6/6        EV: 10    Int: 14    God:    Xom [..*...]
Gold:   45         SH:  0    Dex: 11    Spells: 3/6 levels left

rFire   . . .      SeeInvis .   b - +0 dagger
rCold   . . .      Faith    .   (no shield)
rNeg    + . .      Spirit   .   e - +0 leather armour
rPois   ∞          Reflect  .   g - +0 helmet
rElec   +          Harm     .   (no cloak)
rCorr   .          Rampage  .   (no gloves)
Will    .....                   (no boots)
Stlth   +.........              (no amulet)
HPRegen 0.06/turn               (no ring)
MPRegen 0.10/turn               (no ring)

@: no status effects
A: sickness immunity, AC +3, negative energy resistance 1, electricity
resistance, torment resistance 1, petrification resistance
a: Renounce Religion


You were on level 2 of the Dungeon.
You worshipped Xom.
You were a toy of Xom.
You visited 1 branch of the dungeon, and saw 2 of its levels.

You collected 45 gold pieces.

Inventory:

Hand Weapons
 a - a +0 trident
 b - a +0 dagger (weapon)
Missiles
 c - 6 poisoned darts
 d - 58 stones
Armour
 e - a +0 leather armour (worn)
 g - a +0 helmet (worn)
Scrolls
 h - a scroll of fear {unknown}
 j - 2 scrolls of fog {unknown}
 k - a scroll of enchant armour {unknown}
Potions
 f - a potion of mutation {unknown}
 i - a potion of lignification {unknown}
 l - a potion of curing {unknown}


   Skills:
 - Level 1.1 Fighting
 - Level 1.0 Maces & Flails
 - Level 2.6 Throwing
 - Level 1.1 Stealth
 - Level 2.0 Spellcasting
 + Level 1.1 Transmutations
 - Level 4.2 Earth Magic


You had 3 spell levels left.
You knew the following spells:

 Your Spells              Type           Power      Damage    Failure   Level
a - Sandblast             Erth           26%        2d8       5%          1
b - Passwall              Tmut/Erth      6%         N/A       16%         2

Your spell library contained the following spells:

 Spells                   Type           Power      Damage    Failure   Level
 Stone Arrow              Conj/Erth      14%        3d7       36%         3


Dungeon Overview and Level Annotations

Branches:
Dungeon (2/15)

Altars:
Xom

Annotations:
D:1 exclusions: 2 endoplasms, giant cockroach and kobold
D:2 exclusions: hobgoblin and 2 kobolds


Innate Abilities, Weirdness & Mutations

You are immune to sickness and miasma.
Your stone body is resilient. (AC +3)
You are immune to poison.
You resist negative energy. (rN+)
You are resistant to electric shocks. (rElec)
You are resistant to unholy torment.
You are immune to petrification.


Message History

Xom welcomes you!
A worm comes into view.
Unknown command.
Unknown command.
Unknown command.
The blast of sand hits the worm!
The worm is heavily wounded.
The blast of sand hits the worm!
You kill the worm! "Let's try an experiment, hmmm?"
Your leather armour briefly grows fur, then returns to normal.
An iguana comes into view.
The iguana hisses angrily. "I wonder...
What does this button do?"
A monocle briefly appears over your left eye.
Okay, then.
Okay, then.
Okay, then.
You throw a poisoned dart.
The poisoned dart closely misses the iguana.
You throw a poisoned dart.
The poisoned dart closely misses the iguana.
You throw a poisoned dart. The poisoned dart hits the iguana.
The iguana is poisoned.
The iguana bites you!
Ouch! That really hurt!
You hit the iguana but do no damage.
The iguana is moderately wounded.
The iguana barely misses you.
You hit the iguana.
The iguana is severely wounded.
The iguana barely misses you.
You hit the iguana.
The iguana is severely wounded.
The iguana bites you.
* * * LOW HITPOINT WARNING * * *
You closely miss the iguana.
The iguana is almost dead.
The iguana looks more healthy.
The iguana bites you!
You die...

#.## ##.............##...>####
#..###.....###.###..###.###...
#.#.#.#.#..# #..........##....
#.##.##.##.# #####......#....÷
#.##.##.##.# #......#.....
#.##.##.#..# #.._...#.....
#.##..........# #......##....
#.>........#..####
#......###...
######<.####...l@# ##..####
#### #..# #..##.# #..# ##...
#..# #..##.# #..# ##.... #..#
#.###.# #..# #..... #..# #(
#.# #... #..... #..# #( ...
##. #..... #..# #. ... #.
##.... #..# (. ... ##... .....
####


You could see an iguana.

Vanquished Creatures
  2 adders (D:2)
  A worm (D:2)
  A dart slug (D:1)
  An orc (D:1)
  2 ball pythons (D:1)
  An endoplasm (D:2)
  A goblin (D:1)
  4 hobgoblins
  2 kobolds (D:1)
  A bat (D:1)
  2 frilled lizards
  3 rats (D:1)
21 creatures vanquished.

Notes
Turn   | Place    | Note
-------+----------+-------------------------------------------
     0 | D:1      | Colgate the Gargoyle Wanderer began the quest for the Orb.
     0 | D:1      | Colgate set off with the following items: a +0 mace, 11
                  | poisoned darts, a +0 dagger, 37 stones, a +0 leather
                  | armour; and the following spell memorised: Sandblast; and
                  | the following spells available to memorise: Passwall, Stone
                  | Arrow
     0 | D:1      | Reached XP level 1. HP: 12/12 MP: 3/3
    86 | D:1      | Reached skill level 1 in Transmutations
    96 | D:1      | Reached XP level 2. HP: 10/16 MP: 5/5
    99 | D:1      | Learned a level 2 spell: Passwall
   478 | D:1      | Reached skill level 3 in Earth Magic
  1853 | D:2      | Reached XP level 3. HP: 20/20 MP: 3/6
  1938 | D:2      | Reached skill level 4 in Earth Magic
  2011 | D:2      | Found a shimmering altar of Xom.
  2022 | D:2      | Became a worshipper of Xom of Chaos
  2047 | D:2      | XOM: silly message
  2065 | D:2      | XOM: silly message
  2077 | D:2      | Slain by an iguana

Illustrated notes

Levels and vault maps discovered:
D:1:      minmay_arrival_jagged, layout_basic
D:2:      kennysheep_six_static_rooms, layout_loops_ring, basic_altar,
          hellmonk_ecumenical_altar_crossroads

Skill      XL: |  1  2  3 |
---------------+----------+-----
Transmutations | 1 |  1.1
Earth Magic    | 3 4 |  4.2
Fighting       | |  1.1
Maces & Flails | |  1.0
Throwing       | |  2.6
Stealth        | |  1.1
Spellcasting   | |  2.0

Action                   || total
-------------------------++-------
Melee: Mace              ||    44
       Dagger            ||     6
       Trident           ||     6
Throw: Dart              ||    20
 Cast: Passwall          ||     7
       Sandblast         ||     8
 Stab: Sleeping          ||     2
Armor: Leather armour    ||    23
Dodge: Dodged            ||    34

Table legend: (Time is in decaauts)
 A = Elapsed time spent in this place.
 B = Non-inter-level travel time spent in this place.
 C = Inter-level travel time spent in this place.
 D = Time resting spent in this place.
 E = Time spent auto-exploring this place.
 F = Levels seen in this place.
 G = Mean time per level.
                   A        B        C        D        E       F      G
               +--------+--------+--------+--------+--------+-----+--------+
         Total |   2079 |   2047 |     32 |    248 |   1463 |   2 | 1039.5 |
       Dungeon |   2079 |   2047 |     32 |    248 |   1463 |   2 | 1039.5 |
               +--------+--------+--------+--------+--------+-----+--------+

Top non-repeatable levels by time:
     D:1: 1282 daAuts
     D:2: 796 daAuts
